cohdb
Replays
Latest Replays
All Replays
Popular Replays
Top Player Replays
Match Explorer
How It Works
Community
CoH3 Stats
Reddit
Sign in to upload your games and track your stats! →
Sign in with Steam
Match 43977672
Unlisted
Match 43977672
Overview
Messages
Build Orders
End
Construct Infanterie Kompanie
Selects Italian Coastal Battlegroup
Selects Coastal Reserves
Coastal Reserve
Grenadier Squad
Grenadier Squad
GrW 34 Mortar Team
Medical Station
Construct Panzergrenadier Kompanie
Support Elements
MG 42 Machine Gun Team
Selects Support Bunkers
Nebelwerfer 42 Rocket Launcher Team
StuG III G Assault Gun
GrW 34 Mortar Team
Coastal Reserve
Coastal Reserve
Selects Artillery Officer
Construct Luftwaffe Kompanie
Construct Luftwaffe Kompanie
Construct Panzer Kompanie
Selects Obice da 210/22 Artillery Emplacement
Selects Rapid Fortifications
Coastal Reserve
Switch
WSSEichenLaub
Hacki
SongofOurNam
0
0
Comments
sign in to comment!
No comments posted yet!